 Dungeon Crawl Stone Soup version 0.16.2-12-gd0ad4c3 (webtiles) character file.

288 kroki the Cutter (level 6, -2/37 HPs)
             Began as a Deep Elf Berserker on Feb 3, 2016.
             Was an Elder of Trog.
             Slain by Natasha (4 damage)
             ... on level 4 of the Dungeon.
             The game lasted 00:06:06 (4440 turns).

kroki the Cutter (Deep Elf Berserker)               Turns: 4440, Time: 00:06:06

Health: -2/37      AC:  8    Str: 16    XL:     6   Next: 9%
Magic:  12/12      EV: 10    Int: 12    God:    Trog [****..]
Gold:   218        SH:  0    Dex: 14    Spells: 0 memorised, 5 levels left

rFire  . . .     SeeInvis .     a - +1 short sword
rCold  . . .     Clarity  .     h - +1 scale mail
rNeg   . . .     SustAb   .     (no shield)
rPois  .         Gourm    +     b - +0 helmet
rElec  .         Spirit   .     (no cloak)
rCorr  .         Warding  .     (no gloves)
rMut   .         Stasis   .     (no boots)
MR     ++...                    q - amulet of the gourmand {Gourm, !d}
Stlth  ..........               (no ring)
                                (no ring)

@: regenerating, very resistant to hostile enchantments, extremely unstealthy
A: no striking features
a: Burn Spellbooks, Berserk, Trog's Hand, Brothers in Arms, Renounce Religion


You were on level 4 of the Dungeon.
You worshipped Trog.
Trog was greatly pleased with you.
You were very hungry.

You visited 1 branch of the dungeon, and saw 5 of its levels.

You collected 218 gold pieces.

Inventory:

Hand weapons
 a - a +1 short sword (weapon)
 v - a +0 rapier
   (You found it on level 4 of the Dungeon)
Armour
 b - a +0 helmet (worn)
   (You took it off Robin on level 2 of the Dungeon)
 h - a +1 scale mail (worn)
   (You found it on level 1 of the Dungeon)
 s - a +0 chain mail
   (You found it on level 4 of the Dungeon)
Jewellery
 i - an uncursed ring of teleportation {+/*tele, !d}
   (You found it on level 3 of the Dungeon)
 p - a cursed ring of teleportation {+/*tele, !d}
   (You found it on level 3 of the Dungeon)
 q - an amulet of the gourmand (around neck) {Gourm, !d}
   (You found it on level 3 of the Dungeon)
Scrolls
 d - a scroll of enchant armour
 k - a scroll of identify
 l - 2 scrolls of remove curse
 t - a scroll of enchant weapon
Potions
 e - a potion of restore abilities {unknown}
 f - a potion of magic {unknown}
 g - a potion of curing
 j - a potion of haste {unknown}
 n - a potion of degeneration {unknown}
 o - a potion of cancellation {unknown}
 r - a potion of cure mutation {unknown}
 u - a potion of invisibility {unknown}
Comestibles
 c - 4 bread rations {@e1}
 m - 3 meat rations {@e2}


   Skills:
 + Level 3.6 Fighting
 * Level 6.0 Short Blades
 - Level 1.5 Armour
 - Level 2.4 Dodging


You had 5 spell levels left.
You didn't know any spells.

Dungeon Overview and Level Annotations

Branches:
Dungeon (5/15)
 Temple: D:4-7

Altars:
Kikubaaqudgha
Qazlal

Shops:
D:4 ![

Annotations:
D:4 Natasha
D:5 kroki's ghost, experienced DEBe


Message History

* * * LOW HITPOINT WARNING * * *
You take 3 damage, and have 5/32 hp.
Your skin crawls.
You feel resistant to hostile enchantments.
You are feeling very hungry.
The giant frog zombie hits you but does no damage. x2
You feel the effects of Trog's Hand fading.
The giant frog zombie hits you but does no damage.
You regained 2 hp, and now have 11/32 hp.
You aren't carrying any items that can be evoked.
Unknown command.
You hit the giant frog zombie.
The giant frog zombie hits you but does no damage.
The phantom blinks!
You hit the giant frog zombie but do no damage.
The giant frog zombie hits you but does no damage.
You hit the giant frog zombie.
The giant frog zombie closely misses you.
You hit the giant frog zombie.
The giant frog zombie barely misses you.
Your scale mail prevents you from hitting the giant frog zombie.
Your skin stops crawling.
You feel less resistant to hostile enchantments.
The giant frog zombie closely misses you.
You hit the giant frog zombie.
The giant frog zombie barely misses you.
You hit the giant frog zombie. The giant frog zombie hits you.
You take 1 damage, and have 14/32 hp.
You hit the giant frog zombie but do no damage.
The giant frog zombie hits you.
You hit the giant frog zombie.
The giant frog zombie closely misses you.
You hit the giant frog zombie.
The giant frog zombie hits you but does no damage.
You miss the phantom. You hit the phantom.
The phantom blinks!
You swing at nothing.
The giant frog zombie barely misses you.
You hit the giant frog zombie.
The giant frog zombie barely misses you.
You puncture the giant frog zombie!
You destroy the giant frog zombie!
Your Short Blades skill increases to level 6!
You have reached level 6!
Your experience leads to an increase in your attributes!
Increase (S)trength, (I)ntelligence, or (D)exterity?
You feel stronger.
You regained 2 hp, and now have 16/37 hp.
MP restored: 12 Unknown command.
You swing at nothing.
You swing at nothing.
You miss the phantom. You barely miss the phantom. The phantom misses you.
You hit the phantom.
The phantom blinks!
You swing at nothing.
You swing at nothing.
You swing at nothing.
You swing at nothing.
You hit the phantom. The phantom hits you.
The phantom blinks!
You take 5 damage, and have 12/37 hp.
You swing at nothing.
You swing at nothing.
The phantom blinks!
You swing at nothing.
You swing at nothing.
You swing at nothing.
You swing at nothing.
You swing at nothing.
You swing at nothing.
You swing at nothing.
Natasha, Servant of Life and Death comes into view.
The phantom hits you.
* * * LOW HITPOINT WARNING * * *
The phantom blinks!
You take 3 damage, and have 10/37 hp.
You offer a prayer to Trog.
Trog is greatly pleased with you.
You see here the felid corpse of Natasha.
You offer a prayer to Trog.
The felid corpse of Natasha is consumed in a column of flame.
Trog is greatly pleased with you. The phantom hits you.
* * * LOW HITPOINT WARNING * * *
You take 5 damage, and have 6/37 hp.
The phantom hits you but does no damage.
The phantom blinks!
Natasha hisses angrily.
Natasha extends her claws.
Your skin crawls.
You feel resistant to hostile enchantments.
You feel slightly more hungry.
Natasha casts a spell.
The phantom blinks!
You regained 2 hp, and now have 9/37 hp.
You hit Natasha. The iron imp spits at you. The iron imp hits you!
* * * LOW HITPOINT WARNING * * *
Natasha claws you.
You die...

### ##...........####.......## #
##..........## ##.......##
##...........## ##.......##
##.............####......... #
##........................... ##
##............................
.###................#####........
...............5....# #........
...............h@..## #........
...............##..# ####........
.#...........#####.###...........
##...........# #..ยง...........#
##..........# ##........##.....
#......h...####........###.....
#...........##........#####....
##..#######........W............
##..## ##..###................


You could see a phantom, an iron imp and Natasha.

Vanquished Creatures
  2 hounds (D:4)
  A giant frog zombie (D:4)
  Natasha (twice) (D:4)
  A worker ant (D:4)
  Robin (D:2)
  4 adders
  2 worms
  A giant gecko (D:1)
  2 orcs
  3 giant cockroaches
  18 goblins
  8 hobgoblins
  7 jackals
  9 kobolds
  11 bats
  5 giant newts
  A quokka (D:4)
  14 rats
92 creatures vanquished.

Notes
Turn   | Place    | Note
--------------------------------------------------------------
     0 | D:1      | kroki, the Deep Elf Berserker, began the quest for the Orb.
     0 | D:1      | Reached XP level 1. HP: 13/13 MP: 2/2
   215 | D:1      | Reached XP level 2. HP: 7/18 MP: 4/4
   216 | D:1      | HP: 6/27 [bat (1)]
   286 | D:1      | HP: 4/18 [bat (1)]
   486 | D:1      | Acquired Trog's second power
   706 | D:2      | Noticed Robin
   731 | D:2      | Reached XP level 3. HP: 22/22 MP: 6/6
   733 | D:2      | Reached skill level 4 in Short Blades
   762 | D:2      | Killed Robin
   827 | D:2      | Found an ancient bone altar of Kikubaaqudgha.
   871 | D:2      | Reached XP level 4. HP: 17/27 MP: 8/8
  1162 | D:2      | HP: 6/27 [poisoned by an adder]
  1455 | D:2      | Reached skill level 3 in Fighting
  2369 | D:3      | Reached skill level 5 in Short Blades
  2401 | D:3      | Acquired Trog's third power
  2496 | D:3      | Found a stormy altar of Qazlal.
  2803 | D:4      | Reached XP level 5. HP: 14/32 MP: 10/10
  2985 | D:4      | Noticed Natasha
  3025 | D:4      | Found Jeijeh's Antique Armour Boutique.
  3144 | D:4      | Noticed a phantom
  3356 | D:4      | Killed Natasha
  3492 | D:4      | Found Kaji's Distillery.
  4367 | D:5      | Entered Level 5 of the Dungeon
  4367 | D:5      | Noticed a centaur
  4367 | D:5      | Noticed kroki's ghost (experienced DEBe)
  4372 | D:4      | Noticed Natasha
  4384 | D:4      | HP: 8/32 [giant frog zombie (1)]
  4385 | D:4      | Killed Natasha
  4406 | D:4      | Reached skill level 6 in Short Blades
  4406 | D:4      | Reached XP level 6. HP: 16/37 MP: 12/12
  4428 | D:4      | Noticed Natasha
  4432 | D:4      | HP: 6/37 [phantom (5)]
  4440 | D:4      | HP: 2/37 [iron imp[Natasha] (7)]
  4440 | D:4      | Slain by Natasha

Action                   |  1- 3 |  4- 6 || total
-------------------------+-------+-------++-------
Melee: Short sword       |   128 |   297 ||   425
Invok: Berserk           |     4 |       ||     4
       Trog's Hand       |     1 |     2 ||     3
  Use: Scroll            |     3 |     8 ||    11
  Eat: Meat ration       |     1 |       ||     1
       Chunk             |       |     4 ||     4
       Royal jelly       |       |     2 ||     2
       Beef jerky        |       |     1 ||     1

Vault maps used:
D:1:      lightli_arrival_boilingwater
D:2:      kiku_gazebo_garden_becter, first_bread, kennysheep_minor_cross,
          uniq_robin
D:3:      grunt_qazlal_sundering
D:4:      minmay_temple_entry_from_below_b, serial_shops,
          nicolae_shop_behind_doors, shop, uniq_natasha
D:5:      fedhas_altar_2

Table legend:
 A = Turns spent in this place as a percentage of turns spent in the entire game.
 B = Non-inter-level travel turns spent in this place as a percentage of non-inter-level travel turns spent in the entire game.
 C = Inter-level travel turns spent in this place as a percentage of turns spent in this place.
 D = Turns resting spent in this place as a percentage of non-inter-level travel turns spent in this place.
 E = Turns spent auto-exploring this place as a percentage of non-inter-level travel turns spent in this place.
 F = Non-inter-level travel turns spent in this place divided by the number of levels of this place that you've seen.
                   A       B       C       D       E      F
               +-------+-------+-------+-------+-------+----------------------
         Total | 100.0 | 100.0 |   0.2 |   2.6 |   7.1 | 370.8
       Dungeon | 100.0 | 100.0 |   0.2 |   2.6 |   7.1 | 370.8
               +-------+-------+-------+-------+-------+----------------------

Table legend:
 A = Kills in this place as a percentage of kills in entire the game.
 B = Kills by you in this place as a percentage of kills by you in the entire game.
 C = Kills by friends in this place as a percentage of kills by friends in the entire game.
 D = Other kills in this place as a percentage of other kills in the entire game.
 E = Experience gained in this place as a percentage of experience gained in the entire game.
 F = Experience gained in this place divided by the number of levels of this place that you have seen.
                   A       B       C       D       E      F
               +-------+-------+-------+-------+-------+----------------------
         Total | 100.0 | 100.0 |  -nan |  -nan | 100.0 |  82.4
       Dungeon | 100.0 | 100.0 |  -nan |  -nan | 100.0 |  82.4
               +-------+-------+-------+-------+-------+----------------------
